 Dungeon Crawl Stone Soup version 0.28.0-53-g5a82cb258f (webtiles) character file.

Game seed: 2147486627339399356

4337 DildoBatman the Merchant of Misery (level 10, -5/81 HPs)
             Began as a Formicid Conjurer on Aug 10, 2022.
             Was a Believer of Kikubaaqudgha.
             Shot with a sling bullet by Joseph (11 damage)
             ... on level 6 of the Dungeon.
             The game lasted 00:27:22 (8042 turns).

DildoBatman the Merchant of Misery (FoCj)           Turns: 8042, Time: 00:27:23

Health: -5/81      AC: 10    Str: 12    XL:     10   Next: 59%
Magic:  1/18       EV: 13    Int: 18    God:    Kikubaaqudgha [**....]
Gold:   342        SH:  0    Dex: 19    Spells: 15/23 levels left

rFire   + . .      SeeInvis +   a - +5 great sword (freeze)
rCold   + . .      Faith    .   (no shield)
rNeg    . . .      Spirit   .   p - +2 leather armour {rF+}
rPois   .          Reflect  .   (helmet unavailable)
rElec   .          Harm     .   F - +0 cloak
rCorr   .          Rampage  .   s - +2 pair of gloves
Will    ++...                   (no boots)
Stlth   ++........              r - amulet of regeneration
HPRegen 1.03/turn               w - ring of Lytoa {+Blink Dex+6}
MPRegen 0.16/turn               C - ring of protection from cold

@: no status effects
A: permanent stasis, dig shafts and tunnels, antennae 3, four strong arms, low
MP 1, strong-willed 1, robust 1
a: Dig, Shaft Self, Renounce Religion, Receive Corpses


You were on level 6 of the Dungeon.
You worshipped Kikubaaqudgha.
Kikubaaqudgha was pleased with you.
You visited 2 branches of the dungeon, and saw 9 of its levels.
You also visited: Ossuary.

You collected 502 gold pieces.
You spent 160 gold pieces at shops.

Inventory:

Hand Weapons
 a - a +5 great sword of freezing (weapon)
 b - a +4 dagger of venom
 c - a +0 hunting sling
Missiles
 g - 29 sling bullets
 i - 142 arrows
 j - 7 boomerangs
 u - 4 poisoned darts
 v - 25 bolts
 G - 2 throwing nets
 L - 288 stones
Armour
 o - the +1 ring mail of Counnuqa {rPois rN+ SInv}
   (You found it on level 7 of the Dungeon)

   rPois:     It protects you from poison.
   rN:        It protects you from negative energy.
   SInv:      It lets you see invisible.
 p - a +2 leather armour of fire resistance (worn)
 s - a +2 pair of gloves (worn)
 F - a +0 cloak (worn)
Magical Staves
 f - a staff of cold
Jewellery
 r - an amulet of regeneration (around neck)
 w - the ring of Lytoa (left hand) {+Blink Dex+6}
   (You found it on level 5 of the Dungeon)

   [ring of dexterity]

   Dex:       It affects your dexterity (+6).
   +Blink:    It lets you blink.
 C - a ring of protection from cold (right hand)
Wands
 d - a wand of charming (19)
 A - a wand of iceblast (12)
 J - a wand of paralysis (1)
Scrolls
 e - a scroll of enchant weapon {unknown}
 h - 2 scrolls of amnesia {unknown}
 y - 2 scrolls of fear
 z - 2 scrolls of identify
 E - a scroll of fog {unknown}
 H - a scroll of summoning {unknown}
 I - a scroll of blinking {unknown}
 K - a scroll of acquirement {unknown}
 M - a scroll of enchant armour {unknown}
 N - a scroll of silence {unknown}
Potions
 k - 2 potions of might {unknown}
 l - 3 potions of attraction {unknown}
 m - a potion of heal wounds
 n - 7 potions of curing {unknown}
 q - 2 potions of berserk rage {unknown}
 t - a potion of ambrosia {unknown}
 x - 4 potions of flight {unknown}
 B - 2 potions of cancellation {unknown}
 D - 3 potions of brilliance {unknown}


   Skills:
 * Level 5.0 Fighting
 - Level 2.0 Long Blades
 * Level 5.0 Armour
 * Level 3.8 Dodging
 - Level 2.4 Stealth
 - Level 7.0 Spellcasting
 - Level 6.0 Conjurations
 - Level 9.0 Necromancy


You had 15 spell levels left.
You knew the following spells:

 Your Spells              Type           Power      Damage    Failure   Level
a - Searing Ray           Conj           54%        2d6       1%          2
c - Magic Dart            Conj           100%       1d8       1%          1
d - Vampiric Draining     Necr           38%        2d8       1%          3
z - Sublimation of Blood  Necr           38%        N/A       1%          2

Your spell library contained the following spells:

 Spells                   Type           Power      Damage    Failure   Level
 Animate Skeleton         Necr           76%        N/A       1%          1
 Pain                     Necr           100%       1d9       1%          1
 Agony                    Necr           38%        N/A       10%         5
 Dazzling Flash           Conj/Hex       34%        N/A       12%         3
 Fulminant Prism          Conj/Hex       8%         3d7       36%         4
 Iskenderun's Mystic Bla  Conj/Tloc      17%        2d5       36%         4


Dungeon Overview and Level Annotations

Branches:
Dungeon (8/15)             Temple (1/1) D:7            Lair (0/6) D:8
Ossuary (visited)

Altars:
Ashenzari
Cheibriados
Dithmenos
Elyvilon
Fedhas
Gozag
Hepliaklqana
Kikubaaqudgha
Makhleb
Nemelex Xobeh
Okawaru
Qazlal
Ru
Sif Muna
Trog
Uskayaw
Vehumet
Wu Jian
Xom
Yredelemnul
Zin
The Shining One

Shops:
D:3 (   D:4 !

Annotations:
D:1 exclusion: shining eye
D:6 Joseph, Maggie
D:7 Pikel


Innate Abilities, Weirdness & Mutations

You cannot be hasted, slowed, berserked, paralysed or teleported.
You can dig through walls and to a lower floor.
You have a pair of large antennae on your head. (SInv)
Your four strong arms can wield two-handed weapons with a shield.
Your magical capacity is low. (-10% MP)
You are strong-willed. (Will+)
You are robust. (+10% HP)


Message History

Your magical contamination has completely faded away.
Casting: Vampiric Draining (safe; 1% risk of failure)
Confirm with . or Enter, or press ? or * to list all spells.
Aiming: Vampiric Draining (safe; 1% risk of failure)
Press: ? - help, Shift-Dir - straight line, f/p - Joseph
Aim: Joseph, wielding a +0 quarterstaff of distortion, wearing a +0 leather armour and quivering sling bullets (moderately wounded)
You draw life force from Joseph.
You feel life coursing into your body.
Joseph hits you with a +0 quarterstaff of distortion!
Casting: Vampiric Draining (safe; 1% risk of failure)
Confirm with . or Enter, or press ? or * to list all spells.
Aiming: Vampiric Draining (safe; 1% risk of failure)
Press: ? - help, Shift-Dir - straight line, f/p - Joseph
Aim: Joseph, wielding a +0 quarterstaff of distortion, wearing a +0 leather armour and quivering sling bullets (heavily wounded)
You draw life force from Joseph!
You feel life coursing into your body. Joseph completely misses you.
Casting: Vampiric Draining (safe; 1% risk of failure)
Confirm with . or Enter, or press ? or * to list all spells.
Aiming: Vampiric Draining (safe; 1% risk of failure)
Press: ? - help, Shift-Dir - straight line, f/p - Joseph
Aim: Joseph, wielding a +0 quarterstaff of distortion, wearing a +0 leather armour and quivering sling bullets (heavily wounded)
You draw life force from Joseph.
You feel life coursing into your body.
Joseph hits you with a +0 quarterstaff of distortion!
Space warps horribly around you!!
Joseph hits you with a +0 quarterstaff of distortion!
Space warps horribly around you!
You climb upwards.
Level annotation: Maggie
There is a stone staircase leading down here.
Joseph unwields a +0 quarterstaff of distortion.
Its appearance distorts for a moment.
Joseph wields a +1 vorpal hunting sling.
Joseph shoots a sling bullet.
The sling bullet hits you!
Joseph shoots a sling bullet.
The sling bullet hits you!
You die...
Kikubaaqudgha rasps: "You have failed me!
Welcome... death!"

#########.####...##.####.##......
# #.# ##.................. # #.#
#############...... ## #.#
#.#.#.. .# #.# #######.#.#.. .#
#.# #............ .####
#.######## ##.#####.#.#.. ....#
#....@...###.#.## #.#.#.. .##.#
#.######@##.###.###.#.##. .##.#
#.# #.#.## ##......##. .##.#
#.######)#..###.###.####. .##.#
#............#......# #. .##)#
########.#.#..####### #. ###)#
#.#..#.##########. #.#
#.#.##......?..... #.#
#.#.#############. #.# #.#.# #.


You could see Joseph.

Vanquished Creatures
  A centaur warrior (D:8)
  Maurice (D:8)
  A hornet (D:7)
  Sigmund (D:2)
  Menkaure (D:4)
  2 water moccasins
  A sky beast (D:6)
  A black bear (D:8)
  2 necrophages
  3 ice beasts
  2 ogres
  A phantom (D:5)
  3 lemures (D:7)
  Blork the orc (D:4)
  2 bullfrogs
  2 scorpions
  2 water moccasin zombies (Ossuary)
  A water moccasin skeleton (D:5)
  4 killer bees
  5 wights (D:6)
  3 howler monkeys
  2 hounds
  A centaur zombie (D:6)
  2 jellies
  2 orc priests
  2 bullfrog skeletons
  5 iguanas
  A scorpion zombie (D:5)
  An orc wizard (D:6)
  A killer bee zombie (D:8)
  2 mummies (Ossuary)
  A howler monkey zombie (D:7)
  Robin (D:2)
  6 adders
  13 gnolls
  A shadow imp (D:5)
  2 white imps
  3 adder zombies (Ossuary)
  An adder skeleton (D:4)
  2 worms
  3 dart slugs
  18 orcs
  5 ball pythons (D:1)
  7 endoplasms
  3 giant cockroaches
  8 hobgoblins
  11 jackals
  6 quokkas
  10 bats
  4 frilled lizards
  4 gnoll zombies (Ossuary)
  22 goblins
  4 hobgoblin zombies (Ossuary)
  2 kobolds
  7 kobold zombies (Ossuary)
  6 orc zombies (Ossuary)
  4 rats
213 creatures vanquished.

Notes
Turn   | Place    | Note
-------+----------+-------------------------------------------
     0 | D:1      | DildoBatman the Formicid Conjurer began the quest for the
                  | Orb.
     0 | D:1      | Reached XP level 1. HP: 13/13 MP: 3/3
    95 | D:1      | Reached XP level 2. HP: 16/20 MP: 0/5
    98 | D:1      | Learned a level 2 spell: Searing Ray
   207 | D:1      | Found a faded altar of an unknown god.
   208 | D:1      | Noticed a shining eye
   211 | D:1      | Noticed a golden eye
   211 | D:1      | Noticed an eye of devastation
   211 | D:1      | Noticed a shining eye
   219 | D:1      | Reached skill level 1 in Armour
   224 | D:1      | Reached skill level 1 in Fighting
   225 | D:1      | Reached XP level 3. HP: 24/26 MP: 2/6
   693 | D:2      | Reached XP level 4. HP: 32/32 MP: 8/8
   921 | D:2      | Noticed Robin
  1392 | D:3      | Reached XP level 5. HP: 38/38 MP: 6/9
  1618 | D:3      | Found Cifepi's Weapon Shoppe.
  2203 | D:2      | Noticed Sigmund
  2284 | D:4      | Found Jiyskumn's Distillery.
  2286 | D:4      | Noticed a necrophage
  2295 | D:4      | Killed a necrophage
  2296 | D:4      | Reached XP level 6. HP: 46/46 MP: 1/11
  2300 | D:4      | Bought a potion of mutation for 80 gold pieces
  2300 | D:4      | Gained mutation: You are dopey. (Int -2) [potion of
                  | mutation]
  2300 | D:4      | Lost mutation: You are dopey. (Int -2) [potion of mutation]
  2300 | D:4      | Gained mutation: You passively dampen the noise of your
                  | surroundings. [potion of mutation]
  2300 | D:4      | Gained mutation: You possess an exceptional clarity of
                  | mind. [potion of mutation]
  2404 | D:4      | Learned a level 3 spell: Vampiric Draining
  2698 | D:4      | Noticed Blork the orc
  2705 | D:5      | Entered Level 5 of the Dungeon
  2716 | D:5      | Reached XP level 7. HP: 32/52 MP: 13/13
  2749 | D:5      | Reached skill level 5 in Conjurations
  2997 | D:5      | Identified the ring of Lytoa {+Blink Dex+6}
  3315 | D:5      | Reached skill level 5 in Spellcasting
  3969 | D:4      | Found a blossoming altar of Fedhas.
  3979 | D:4      | Noticed Menkaure
  4758 | D:6      | Reached XP level 8. HP: 40/58 MP: 10/16
  4891 | D:6      | Found a sand-covered staircase.
  5018 | D:7      | Found a staircase to the Ecumenical Temple.
  5031 | Temple   | Entered the Ecumenical Temple
  5085 | Temple   | Became a worshipper of Kikubaaqudgha
  5154 | Ossuary  | Entered an ossuary
  5162 | Ossuary  | Reached skill level 1 in Necromancy
  5256 | Ossuary  | Reached skill level 2 in Necromancy
  5290 | Ossuary  | Reached * piety under Kikubaaqudgha
  5290 | Ossuary  | Received a gift from Kikubaaqudgha
  5294 | Ossuary  | Learned a level 2 spell: Sublimation of Blood
  5396 | D:6      | Reached skill level 3 in Necromancy
  5413 | D:6      | Noticed Maggie
  5450 | D:6      | Reached skill level 4 in Necromancy
  5450 | D:6      | Reached XP level 9. HP: 48/63 MP: 19/19
  5486 | D:6      | Reached skill level 5 in Necromancy
  5681 | D:6      | Reached skill level 6 in Necromancy
  6108 | D:7      | Noticed a hornet
  6163 | D:5      | Reached skill level 1 in Long Blades
  6255 | D:4      | Killed Blork the orc
  6290 | D:4      | Killed Menkaure
  6291 | D:4      | Reached skill level 7 in Necromancy
  6335 | D:2      | Killed Sigmund
  6385 | D:2      | Killed Robin
  6390 | D:2      | Reached ** piety under Kikubaaqudgha
  6672 | D:6      | Lost mutation: You possess an exceptional clarity of mind.
                  | [potion of mutation]
  6672 | D:6      | Lost mutation: You passively dampen the noise of your
                  | surroundings. [potion of mutation]
  6672 | D:6      | Gained mutation: You have sharp toenails. [potion of
                  | mutation]
  6769 | D:4      | Bought a potion of mutation for 80 gold pieces
  6769 | D:4      | Lost mutation: You have sharp toenails. [potion of
                  | mutation]
  6769 | D:4      | Gained mutation: Your magical capacity is low. (-10% MP)
                  | [potion of mutation]
  6769 | D:4      | Gained mutation: You are robust. (+10% HP) [potion of
                  | mutation]
  6769 | D:4      | Gained mutation: You are strong-willed. (Will+) [potion of
                  | mutation]
  6909 | D:7      | Identified the +1 ring mail of Counnuqa {rPois rN+ SInv}
  6997 | D:7      | Noticed Joseph
  7050 | D:7      | Killed a hornet
  7051 | D:7      | Reached skill level 8 in Necromancy
  7079 | D:8      | Noticed a centaur warrior
  7096 | D:8      | Killed a centaur warrior
  7097 | D:8      | Reached skill level 9 in Necromancy
  7097 | D:8      | Reached XP level 10. HP: 49/78 MP: 10/18
  7213 | D:8      | Noticed Maurice
  7244 | D:8      | Killed Maurice
  7437 | D:8      | Found a staircase to the Lair.
  7667 | Temple   | Reached skill level 5 in Fighting
  7667 | Temple   | Reached skill level 5 in Armour
  7971 | D:7      | Noticed Pikel
  8040 | D:6      | HP: 4/81 [Joseph/sling bullet (2)]
  8042 | D:6      | Shot with a sling bullet by Joseph

Illustrated notes

Levels and vault maps discovered:
D:1:      saegor_arrival_simple_c, layout_basic,
          hellmonk_ecumenical_altar_watching_god, nicolae_figureground_pulse
D:2:      layout_basic, uniq_robin, uniq_sigmund
D:3:      kennysheep_big_flooded_room, layout_basic, serial_shops,
          nicolae_shop_behind_doors
D:4:      layout_basic, kennysheep_little_box, serial_shops, shop_fountains,
          uniq_menkaure, uniq_blork_the_orc
D:5:      layout_loops_ring
D:6:      layout_loops_ring, enter_ossuary_5, due_unseen_surprise, uniq_maggie
D:7:      layout_gridville, minmay_temple_entry_overgrown, uniq_joseph,
          uniq_pikel
D:8:      layout_basic, lair_entry_dummy, minmay_fractal_squares_5, uniq_maurice
Temple:   mainiacjoe_temple_circle_huts

Skill      XL: |  1  2  3  4  5  6  7  8  9 10 |
---------------+-------------------------------+-----
Dodging        | 2 3 |  3.8
Armour         | 1 2 3 5 |  5.0
Fighting       | 1 2 3 5 |  5.0
Conjurations   | 4 5 6 |  6.0
Spellcasting   | 3 4 5 7 |  7.0
Necromancy     | 4 9 |  9.0
Long Blades    | 2 |  2.0
Stealth        | |  2.4

Action                   |  1- 3 |  4- 6 |  7- 9 | 10-12 || total
-------------------------+-------+-------+-------+-------++-------
Melee: Dagger            |     3 |    13 |   228 |       ||   244
       Unarmed           |     1 |       |       |       ||     1
       Punch             |       |       |     8 |       ||     8
       Great sword       |       |       |    46 |    61 ||   107
 Fire: Hunting sling     |    66 |   110 |    32 |       ||   208
 Cast: Magic Dart        |    20 |    19 |     1 |     4 ||    44
       Searing Ray       |     4 |    12 |    30 |     9 ||    55
       Vampiric Draining |       |       |     3 |     4 ||     7
 Abil: Dig               |       |       |     1 |       ||     1
Evoke: Wand              |       |       |     2 |       ||     2
  Use: Potion            |       |     1 |     2 |       ||     3
       Scroll            |       |       |     6 |       ||     6
 Stab: Sleeping          |     1 |       |     3 |       ||     4
       Paralysed         |       |       |     5 |       ||     5
Armor: Robe              |     9 |     5 |       |       ||    14
       Leather armour    |       |    33 |   140 |    48 ||   221
Dodge: Dodged            |    14 |    68 |   216 |    87 ||   385
